 Dungeon Crawl Stone Soup version 0.28-a0-580-ga2639ab843 (webtiles) character file.

Game seed: 14436452911639147529

18136 sleeves the Pacifist (level 12, -13/97 HPs)
             Began as a Deep Dwarf Monk on Oct 2, 2021.
             Was an Elder of Elyvilon.
             Mangled by a white ugly thing (17 damage)
             ... in a Gauntlet.
             The game lasted 00:57:06 (12420 turns).

sleeves the Pacifist (Deep Dwarf Monk)             Turns: 12420, Time: 00:57:07

Health: -13/97     AC: 20    Str: 19    XL:     12   Next: 25%
Magic:  20/21      EV: 15    Int: 15    God:    Elyvilon [****..]
Gold:   798        SH:  5    Dex: 18    Spells: 4/11 levels left

rFire   . . .      SeeInvis +   b - +0 short sword (elec)
rCold   . . .      Faith    .   l - +0 buckler
rNeg    . . .      Spirit   .   q - +6 steam dragon scales of the Ladybird {Slay+3}
rPois   .          Reflect  .   n - +0 helmet {Int+3}
rElec   .          Harm     .   k - +0 cloak
rCorr   .          Rampage  .   f - +3 pair of gloves of Defence {Regen+ Dex+3}
Will    +....      NoTele   +   (no boots)
Stlth   ++........              (no amulet)
HPRegen 0.00/turn               L - ring of see invisible
MPRegen 0.17/turn               (no ring)

@: mighty, on berserk cooldown, slowed, very slow
A: damage resistance, heal wounds, sense surroundings 2, no regeneration
a: Heal Wounds, Renounce Religion, Lesser Healing, Heal Other, Purification,
Greater Healing, Divine Protection


You were in a Gauntlet.
You worshipped Elyvilon.
Elyvilon was greatly pleased with you.
You visited 2 branches of the dungeon, and saw 12 of its levels.
You also visited: Ossuary, Bailey and Gauntlet.

You collected 1518 gold pieces.
You spent 720 gold pieces at shops.

Inventory:

Hand Weapons
 b - a +0 short sword of electrocution (weapon)
   (You took it off an orc on level 6 of the Dungeon)
 x - a +3 falchion
   (You took it off a wight on level 8 of the Dungeon)
Missiles
 m - 5 throwing nets
 v - 66 bolts
 w - 62 poisoned darts (quivered)
Armour
 f - the +3 pair of gloves of Defence (worn) {Regen+ Dex+3}
   (You acquired it on level 5 of the Dungeon)

   Dex:       It affects your dexterity (+3).
   Regen:     It increases your rate of health regeneration.
 h - the +7 Kryia's mail coat {PotionHeal*2 rC+}
   (You bought it in a shop on level 3 of the Dungeon)

   Potions are twice as effective at healing its wearer.
   rC:        It protects you from cold.
 k - a +0 cloak (worn)
   (You took it off Crazy Yiuf on level 6 of the Dungeon)
 l - a +0 buckler (worn)
   (You found it on level 4 of the Dungeon)
 n - a +0 helmet of intelligence (worn)
   (You found it in a bailey)
 q - the +6 steam dragon scales of the Ladybird (worn) {Slay+3}
   (You found it in a bailey)

   Slay:      It affects your accuracy & damage with ranged weapons and melee
   (+3).
 H - a +3 scale mail of fire resistance
   (You took it off Harold on level 10 of the Dungeon)
 K - the +3 hat of Pondering {ponderous, Will+ MP+10 Int+5}
   (You took it off Gastronok on level 1 of the Lair of Beasts)

   Int:       It affects your intelligence (+5).
   MP:        It affects your magic capacity (+10).
   Will:      It increases your willpower.
Magical Staves
 E - a staff of poison
   (You found it on level 9 of the Dungeon)
Jewellery
 J - the amulet "Ichill" {Acrobat Harm Str+2}
   (You found it in a Gauntlet)

   [amulet of the acrobat]

   It increases your evasion while moving and waiting.
   Str:       It affects your strength (+2).
   Harm:      It increases damage dealt and taken.
 L - a ring of see invisible (left hand)
   (You found it on level 1 of the Lair of Beasts)
Wands
 g - a wand of iceblast (4)
   (You took it off an orc wizard on level 10 of the Dungeon)
 B - a wand of flame (17)
   (You found it on level 8 of the Dungeon)
 F - a wand of polymorph (1)
   (You took it off a gnoll shaman on level 9 of the Dungeon)
 I - a wand of mindburst (10)
   (You found it on level 1 of the Lair of Beasts)
Scrolls
 a - a scroll of fear
 d - 3 scrolls of enchant armour
 e - a scroll of immolation {unknown}
 i - 2 scrolls of magic mapping
 p - 11 scrolls of teleportation
 s - 2 scrolls of vulnerability
 y - 2 scrolls of fog
 A - a scroll of silence
 D - a scroll of blinking
 G - a scroll of brand weapon {unknown}
Potions
 c - a potion of might
 j - a potion of haste {unknown}
 o - 3 potions of heal wounds
 r - 2 potions of brilliance
 t - a potion of flight
 u - a potion of berserk rage
 z - a potion of curing
 C - a potion of ambrosia {unknown}


   Skills:
 + Level 3.5 Fighting
 - Level 12.0 Long Blades
 - Level 10.0 Armour
 + Level 5.9 Dodging
 - Level 3.0 Stealth
 - Level 4.0 Shields
 - Level 15.0 Invocations
 + Level 5.7 Evocations


You had 4 spell levels left.
You knew the following spells:

 Your Spells              Type           Power      Damage    Failure   Level
a - Blink                 Tloc           N/A        N/A       38%         2
b - Apportation           Tloc           0%         N/A       26%         1
c - Passage of Golubria   Tloc           N/A        N/A       95%         4

Your spell library contained the following spells:

 Spells                   Type           Power      Damage    Failure   Level
 Animate Skeleton         Necr           0%         N/A       26%         1
 Magic Dart               Conj           0%         1d3       26%         1
 Pain                     Necr           0%         1d4       26%         1
 Summon Small Mammal      Summ           0%         N/A       26%         1
 Corpse Rot               Necr/Air       N/A        N/A       38%         2
 Poisonous Vapours        Pois/Air       0%         N/A       38%         2
 Searing Ray              Conj           0%         2d4       38%         2
 Call Canine Familiar     Summ           0%         N/A       63%         3
 Lesser Beckoning         Tloc           0%         N/A       63%         3
 Portal Projectile        Hex/Tloc       0%         N/A       63%         3
 Summon Guardian Golem    Hex/Summ       0%         N/A       63%         3
 Tukima's Dance           Hex            0%         N/A       63%         3
 Vampiric Draining        Necr           0%         2d6       63%         3
 Animate Dead             Necr           0%         N/A       95%         4
 Fulminant Prism          Conj/Hex       0%         3d6       95%         4
 Leda's Liquefaction      Hex/Erth       0%         N/A       95%         4
 Lee's Rapid Deconstruct  Erth           0%         3d5*      100%        5
 Manifold Assault         Tloc           0%         N/A       100%        5
 Summon Forest            Summ/Tloc      0%         N/A       100%        5
 Summon Mana Viper        Hex/Summ       0%         N/A       100%        5
 Yara's Violent Unravell  Hex/Tmut       0%         3d3       100%        5
 Simulacrum               Ice/Necr       0%         N/A       100%        6
 Statue Form              Tmut/Erth      0%         N/A       100%        6
 Summon Cactus Giant      Summ           0%         N/A       100%        6
 Orb of Destruction       Conj           0%         N/A       100%        7
 Spellforged Servitor     Conj/Summ      0%         N/A       100%        7


Dungeon Overview and Level Annotations

Branches:
Dungeon (10/15)            Temple (0/1) D:5            Lair (2/6) D:9
    Orc (0/2) D:9         Ossuary (visited)          Bailey (visited)
Gauntlet (1/1)
  Swamp: Lair:2-4    Shoals: Lair:2-4     Snake: Lair:2-4    Spider: Lair:2-4

Altars:
Elyvilon
Fedhas
Sif Muna
Trog
Uskayaw
Yredelemnul

Shops:
D:3 [

Annotations:
Gauntlet 9 transporters, 21 runed translucent doors


Innate Abilities, Weirdness & Mutations

You are resistant to damage.
You can heal yourself by infusing magical energy.
You passively map the area around you.
You do not regenerate.


Message History

The water moccasin is lightly wounded.
The water moccasin bites you but does no damage.
You miss the water moccasin.
The water moccasin is lightly wounded.
You closely miss the water moccasin.
The water moccasin is lightly wounded.
The water moccasin closely misses you. You block the adder's attack.
You hit the water moccasin.
The water moccasin is moderately wounded.
The water moccasin barely misses you. The adder closely misses you.
You hit the water moccasin.
The water moccasin is heavily wounded.
The water moccasin bites you but does no damage.
The adder closely misses you.
You hit the water moccasin.
Lightning courses through the water moccasin!
You kill the water moccasin!
You block the adder's attack.
You hit the adder. Lightning courses through the adder!
You kill the adder!
You closely miss the adder. The adder bites you.
You are poisoned.
The adder poisons you!
You hit the adder.
The adder is lightly wounded.
The adder closely misses you.
You hit the adder but do no damage.
The adder is lightly wounded.
You block the adder's attack.
You hit the adder but do no damage.
The adder is lightly wounded.
You block the adder's attack.
You hit the adder. Lightning courses through the adder!
You kill the adder!
No target in view!
No target in view!
No target in view!
No target in view!
You are healed.
You are no longer poisoned.
You see here an adder corpse.
You enter the shallow water.
Moving in this stuff is going to be slow.
You now have 716 gold pieces (gained 22).
You now have enough gold to buy +0 fire dragon scales on D:3.
You can access your shopping list by pressing '$'.
You now have 734 gold pieces (gained 18).
You enter the shallow water.
Moving in this stuff is going to be slow.
You see here an adder corpse.
You enter the shallow water.
Moving in this stuff is going to be slow.
You enter the shallow water.
Moving in this stuff is going to be slow.
Found a ring mail.
You now have 766 gold pieces (gained 32).
A water moccasin comes into view.
You catch the helpless water moccasin completely off-guard!
You puncture the water moccasin!
The water moccasin is heavily wounded.
The water moccasin misses you.
You puncture the water moccasin!
The water moccasin is severely wounded.
The water moccasin bites you but does no damage.
You puncture the water moccasin!
The water moccasin is almost dead.
The water moccasin closely misses you.
You hit the water moccasin.
Lightning courses through the water moccasin!
You kill the water moccasin!
No target in view!
You are healed.
Search for what [Enter for "shie", or ? for help]? art You start removing your armour.
You continue taking off the +7 Kryia's mail coat {PotionHeal*2 rC+}. x4
You finish taking off the +7 Kryia's mail coat {PotionHeal*2 rC+}.
Your attunement to healing potions decreases.
You start putting on your armour.
You continue putting on the +6 steam dragon scales of the Ladybird {Slay+3}. x5
You finish putting on the +6 steam dragon scales of the Ladybird {Slay+3}.
Done exploring.
Done exploring.
Done exploring.
Done exploring.
Search for what [Enter for "art", or ? for help]? shie Unknown command.
Done exploring.
Done exploring.
(D) Dungeon (T) Temple (L) Lair (O) Orcish Mines
Where to? (Enter - Lair:1, ? - help)
There is a stone staircase leading down here.
You climb downwards.
You hear a distant snort.
Hark!
There is a gateway to a gauntlet on this level.
Find the entrance quickly before the gate is sealed!
Found a scroll of identify, 32 gold pieces and 6 poisoned darts.
There is a stone staircase leading up here.
J - a scroll of identify
As you read the scroll of identify, it crumbles to dust.
D - a scroll of blinking You now have 782 gold pieces (gained 16).
There is a stone staircase leading up here.
You now have 798 gold pieces (gained 16).
w - 62 poisoned darts (gained 6)
You can now provide greater healing for yourself.
Found a whip.
Found 16 gold pieces.
Found a gate leading to a gauntlet.
A bullfrog comes into view.
A bullfrog is nearby!
Found Great Wizards, Vol.
VII.
There is a gate leading to a gauntlet here.
Beware, the minotaur awaits!
The bullfrog gives a loud, deep croak!
The bullfrog closely misses you.
You puncture the bullfrog!
The bullfrog is moderately wounded.
The bullfrog hits you.
You puncture the bullfrog!
Lightning courses through the bullfrog!!
You kill the bullfrog!
Training target 15.0 for Invocations reached!
Your Invocations skill increases to level 15!
You need to enable at least one skill for training.
Unknown command.
Search for what [Enter for "shie", or ? for help]? cross Can't find anything matching that.
Unknown command.
You hear the faint beating of a drum.
You pick up Great Wizards, Vol.
VII and begin reading...
You add the spells Tukima's Dance, Passage of Golubria and Yara's Violent Unravelling to your library.
You can't go up here!
This spell is quite dangerous to cast!
Memorise Passage of Golubria, consuming 4 spell levels and leaving 4?
You start memorising the spell.
You continue memorising. x4
You finish memorising.
Spell assigned to 'c'.
Okay, then.
Okay, then.
Okay, then.
There is a gate leading to a gauntlet here.
Beware, the minotaur awaits!
The world spins around you as you enter the gateway.
You enter a gauntlet!
The nature of this place prevents you from teleporting.
Found the Compendium of Evil and the Rocks.
Found a gate leading back out of this place.
Found two transporters.
There is an empty arch of ancient stone here.
Found a transporter.
The flying skull gives a hideous shriek! x5
You hear a hideous shriek! x2
The flying skull gives a hideous shriek!
The flying skull gives a hideous shriek!
You hear a hideous shriek!
Key pressed, stopping explore.
The flying skull gives a hideous shriek!
Key pressed, stopping explore.
Found a transporter.
Key pressed, stopping explore.
Key pressed, stopping explore.
Key pressed, stopping explore.
Key pressed, stopping explore.
Key pressed, stopping explore.
Found a transporter.
Found a large runed translucent door.
Found two runed doors.
Found a runed translucent door.
Found a transporter.
Found a large runed translucent door.
Key pressed, stopping explore.
Key pressed, stopping explore.
The cyan ugly thing gurgles horribly!
The slime creature quivers.
Key pressed, stopping explore.
Found a staff of poison.
The slime creature quivers.
Found a transporter.
The brown ugly thing gurgles horribly!
Found a gate leading back out of this place.
The slime creature quivers.
Key pressed, stopping explore.
Found a transporter.
Key pressed, stopping explore.
The great orb of eyes turns its gaze towards you.
Key pressed, stopping explore.
Found a trident.
Key pressed, stopping explore.
Key pressed, stopping explore.
Key pressed, stopping explore.
Key pressed, stopping explore.
Key pressed, stopping explore.
Found a transporter.
Key pressed, stopping explore.
The flying skull gives a hideous shriek!
You hear a hideous shriek!
Key pressed, stopping explore.
Key pressed, stopping explore.
Key pressed, stopping explore.
Key pressed, stopping explore.
Key pressed, stopping explore.
The flying skull gives a hideous shriek!
You hear a hideous shriek!
Key pressed, stopping explore.
Key pressed, stopping explore.
The flying skull gives a hideous shriek!
You hear a hideous shriek!
Key pressed, stopping explore.
Key pressed, stopping explore.
There is a transporter here.
Key pressed, stopping explore.
Key pressed, stopping explore.
Key pressed, stopping explore.
Key pressed, stopping explore.
Key pressed, stopping explore.
The flying skull gives a hideous shriek!
Key pressed, stopping explore.
Key pressed, stopping explore.
Key pressed, stopping explore.
There is a transporter here.
Key pressed, stopping explore.
Key pressed, stopping explore.
Found a transporter.
Key pressed, stopping explore.
Key pressed, stopping explore.
Key pressed, stopping explore.
Found a transporter.
Key pressed, stopping explore.
Found a large runed translucent door.
Found a runed translucent door.
Found a large runed translucent door.
The hornet buzzes angrily.
Key pressed, stopping explore.
Found a phantom mirror.
Found a transporter.
The hornet buzzes angrily.
Key pressed, stopping explore.
Key pressed, stopping explore.
Key pressed, stopping explore.
Key pressed, stopping explore.
Key pressed, stopping explore.
Key pressed, stopping explore.
Partly explored, unvisited transporter.
Partly explored, unvisited transporter.
Partly explored, unvisited transporter.
Partly explored, unvisited transporter.
Partly explored, unvisited transporter.
Partly explored, unvisited transporter.
Partly explored, unvisited transporter.
Partly explored, unvisited transporter.
Partly explored, unvisited transporter.
Partly explored, unvisited transporter.
Partly explored, unvisited transporter.
Partly explored, unvisited transporter.
Partly explored, unvisited transporter.
Partly explored, unvisited transporter.
Partly explored, unvisited transporter.
Partly explored, unvisited transporter.
Partly explored, unvisited transporter.
Partly explored, unvisited transporter.
Partly explored, unvisited transporter.
Partly explored, unvisited transporter.
Partly explored, unvisited transporter.
The slime creature quivers.
The slime creature quivers.
Two slime creatures merge to form a large slime creature.
A large slime creature splits.
Two slime creatures merge to form a large slime creature.
The slime creature jiggles.
A large slime creature splits.
Two slime creatures merge to form a large slime creature.
A large slime creature splits.
The great orb of eyes turns its gaze towards you.
Two slime creatures merge to form a large slime creature.
A large slime creature splits.
Two slime creatures merge to form a large slime creature.
Two slime creatures merge to form a very large slime creature.
A very large slime creature splits.
The jelly quivers.
The death scarab waves its antennae.
A large slime creature splits.
Two slime creatures merge to form a large slime creature.
A large slime creature splits.
Two slime creatures merge to form a large slime creature.
Two slime creatures merge to form a large slime creature.
A large slime creature splits.
The death scarab waves its antennae.
Two slime creatures merge to form a large slime creature.
The death scarab waves its antennae.
The slime creature quivers.
The flying skull gives a hideous shriek!
The death scarab waves its antennae.
The flying skull gives a hideous shriek!
You hear a hideous shriek!
The flying skull gives a hideous shriek!
You hear a hideous shriek!
The flying skull gives a hideous shriek! x2
You hear a hideous shriek! x2
The flying skull gives a hideous shriek!
There is a transporter here.
You are healed.
You are healed.
You enter the transporter and appear at another place.
The flying skull closely misses you.
You hit the flying skull but do no damage.
The flying skull misses you. You block the flying skull's attack.
The flying skull barely misses you. The flying skull hits you.
You hit the flying skull but do no damage.
The flying skull closely misses you. x2
The flying skull hits you but does no damage.
You puncture the flying skull!
The flying skull is heavily damaged.
The flying skull hits you but does no damage. x2
You block the flying skull's attack.
You puncture the flying skull!
The flying skull is almost destroyed.
The flying skull misses you. You block the flying skull's attack.
The flying skull hits you but does no damage. x2
You hit the flying skull but do no damage.
The flying skull is almost destroyed.
The flying skull misses you. The flying skull hits you!
The flying skull hits you.
You hit the flying skull.
You destroy the flying skull!
The flying skull misses you. The flying skull barely misses you.
You closely miss the flying skull. The flying skull barely misses you.
The flying skull closely misses you.
The flying skull hits you but does no damage.
The flying skull barely misses you.
You barely miss the flying skull.
The flying skull hits you but does no damage.
The flying skull closely misses you. You block the flying skull's attack.
You closely miss the flying skull. The flying skull closely misses you. x2
The flying skull hits you.
You hit the flying skull but do no damage.
The flying skull barely misses you. The flying skull misses you.
The flying skull hits you but does no damage.
The flying skull hits you.
You completely miss the flying skull. You block the flying skull's attack.
The flying skull misses you. The flying skull completely misses you.
You hit the flying skull but do no damage.
The flying skull closely misses you. The flying skull misses you.
The flying skull hits you but does no damage.
You hit the flying skull.
The flying skull is moderately damaged.
The flying skull misses you. The flying skull closely misses you.
The flying skull misses you.
You miss the flying skull.
The flying skull is moderately damaged.
The flying skull hits you but does no damage. x2
The flying skull closely misses you.
You hit the flying skull but do no damage.
The flying skull is moderately damaged.
You block the flying skull's attack. x2; The flying skull barely misses you.
The flying skull hits you. You block the flying skull's attack.
You hit the flying skull.
The flying skull is moderately damaged.
The flying skull closely misses you. The flying skull misses you.
The flying skull hits you.
You closely miss the flying skull.
The flying skull is moderately damaged.
The flying skull hits you but does no damage.
The flying skull misses you. You block the flying skull's attack.
The flying skull closely misses you.
You hit the flying skull but do no damage.
The flying skull is moderately damaged.
The flying skull hits you. x2
The flying skull hits you but does no damage.
You closely miss the flying skull.
The flying skull is moderately damaged.
You block the flying skull's attack.
The flying skull hits you but does no damage.
The flying skull misses you.
You hit the flying skull.
The flying skull is moderately damaged.
The flying skull misses you. x2
The flying skull hits you but does no damage.
You closely miss the flying skull.
The flying skull is moderately damaged.
The flying skull hits you but does no damage.
You block the flying skull's attack.
The flying skull hits you but does no damage.
You hit the flying skull but do no damage.
The flying skull is moderately damaged.
The flying skull hits you but does no damage.
The flying skull misses you. The flying skull barely misses you.
You hit the flying skull but do no damage.
The flying skull is moderately damaged.
The flying skull closely misses you. The flying skull barely misses you. x2
The flying skull hits you but does no damage. x2
You hit the flying skull but do no damage.
The flying skull is moderately damaged.
You block the flying skull's attack. The flying skull hits you.
The flying skull barely misses you. The flying skull closely misses you.
You puncture the flying skull!
The flying skull is severely damaged.
The flying skull hits you but does no damage. x2
The flying skull closely misses you.
You closely miss the flying skull.
The flying skull is severely damaged.
The flying skull completely misses you.
The flying skull hits you but does no damage.
You block the flying skull's attack.
You hit the flying skull.
The flying skull is almost destroyed.
The flying skull hits you. The flying skull misses you.
The flying skull hits you but does no damage.
You miss the flying skull.
The flying skull is almost destroyed.
The flying skull hits you. You block the flying skull's attack.
The flying skull hits you.
You completely miss the flying skull.
The flying skull is almost destroyed.
You block the flying skull's attack. The flying skull misses you.
The flying skull hits you.
The flying skull hits you but does no damage.
The flying skull barely misses you.
The flying skull hits you but does no damage.
You closely miss the flying skull.
The flying skull is severely damaged.
The flying skull hits you but does no damage. x3
You closely miss the flying skull.
The flying skull is severely damaged.
The flying skull hits you but does no damage.
The flying skull closely misses you.
The flying skull hits you but does no damage.
You puncture the flying skull!
You destroy the flying skull!
The flying skull completely misses you. The flying skull misses you.
You hit the flying skull.
The flying skull is moderately damaged.
The flying skull hits you but does no damage.
You block the flying skull's attack.
The flying skull hits you but does no damage.
You miss the flying skull.
The flying skull is moderately damaged.
The flying skull barely misses you.
The flying skull hits you but does no damage. x2
The flying skull barely misses you.
You hit the flying skull.
The flying skull is moderately damaged.
You block the flying skull's attack. x2; The flying skull misses you.
The flying skull hits you but does no damage.
The flying skull hits you!
You are too injured to fight recklessly!
You are too injured to fight recklessly!
You are too injured to fight recklessly!
You are too injured to fight recklessly!
You are too injured to fight recklessly!
You are too injured to fight recklessly!
You are too injured to fight recklessly!
You are too injured to fight recklessly!
You are too injured to fight recklessly!
You are too injured to fight recklessly!
Okay, then.
Press: ? - help, v - describe, . - travel
Here: a flying skull The floor.
Unknown command.
Unknown command.
Unknown command.
Unknown command.
You fade into invisibility!
The flying skull hits you but does no damage.
The flying skull hits you!
The flying skull hits you but does no damage.
You are very lightly contaminated with residual magic.
Okay, then.
You miss the flying skull.
The flying skull is moderately damaged.
The flying skull barely misses you. The flying skull misses you.
The flying skull hits you but does no damage.
You block the flying skull's attack.
You hit the flying skull but do no damage.
The flying skull is moderately damaged.
The flying skull hits you but does no damage. x2
The flying skull closely misses you.
You hit the flying skull but do no damage.
The flying skull is moderately damaged.
The flying skull completely misses you. The flying skull misses you.
You hit the flying skull but do no damage.
The flying skull is moderately damaged.
The flying skull misses you. The flying skull closely misses you.
You hit the flying skull.
The flying skull is moderately damaged.
The flying skull hits you but does no damage.
You block the flying skull's attack.
The flying skull gives a hideous shriek!
You hit the flying skull but do no damage.
The flying skull is moderately damaged.
The flying skull hits you but does no damage.
The flying skull misses you.
You closely miss the flying skull.
The flying skull is moderately damaged.
The flying skull misses you. The flying skull closely misses you.
You hit the flying skull.
The flying skull is heavily damaged.
The flying skull misses you. The flying skull hits you.
You hit the flying skull.
The flying skull is severely damaged.
The flying skull hits you but does no damage.
The flying skull misses you.
You barely miss the flying skull.
The flying skull is severely damaged.
The flying skull barely misses you. The flying skull hits you!
* * * LOW HITPOINT WARNING * * *
The flying skull gives a hideous shriek!
You completely miss the flying skull.
The flying skull is severely damaged.
The flying skull barely misses you. You block the flying skull's attack.
The flying skull hits you but does no damage.
You catch the helpless flying skull completely off-guard!
You puncture the flying skull!
You destroy the flying skull!
The flying skull barely misses you. The flying skull hits you!
* * * LOW HITPOINT WARNING * * *
The flying skull hits you. The flying skull barely misses you. x2
You hit the flying skull.
The flying skull is moderately damaged.
The flying skull barely misses you. The flying skull hits you.
You hit the flying skull.
The flying skull is lightly damaged.
The flying skull hits you but does no damage.
The flying skull closely misses you.
The flying skull gives a hideous shriek!
You hit the flying skull.
The flying skull is moderately damaged.
You hear a hideous shriek!
The flying skull hits you. You block the flying skull's attack. x2
You closely miss the flying skull.
The flying skull is moderately damaged.
The flying skull gives a hideous shriek!
You hear a hideous shriek!
The flying skull misses you. The flying skull hits you.
* * * LOW HITPOINT WARNING * * *
You block the flying skull's attack.
The flying skull hits you but does no damage.
You flicker for a moment.
The flying skull hits you but does no damage.
You completely miss the flying skull.
The flying skull hits you but does no damage.
You closely miss the flying skull.
The flying skull gives a hideous shriek!
The flying skull gives a hideous shriek! x2
The flying skull gives a hideous shriek!
The flying skull barely misses you.
You miss the flying skull.
The flying skull is moderately damaged.
The flying skull gives a hideous shriek!
You miss the flying skull.
The flying skull is moderately damaged.
The flying skull misses you.
You strike the helpless flying skull from behind!
You puncture the flying skull!
The flying skull is almost destroyed.
You flicker back into view.
The flying skull hits you but does no damage.
You puncture the flying skull!
You destroy the flying skull!
Your Fighting skill increases to level 3!
Your Evocations skill increases to level 5!
You are healed.
The flying skull misses you.
You are healed.
The flying skull hits you but does no damage.
You are healed.
The flying skull barely misses you. x2
You are healed.
The flying skull closely misses you.
You completely miss the flying skull.
The flying skull gives a hideous shriek! x2
The flying skull hits you.
You hit the flying skull but do no damage.
The flying skull completely misses you. The flying skull closely misses you. x2
You miss the flying skull. The flying skull barely misses you.
The flying skull hits you but does no damage. x2
You hit the flying skull.
The flying skull is lightly damaged.
The flying skull closely misses you. The flying skull completely misses you.
The flying skull hits you but does no damage.
You hit the flying skull but do no damage.
The flying skull closely misses you. You block the flying skull's attack.
Your magical contamination has completely faded away.
You barely miss the flying skull. The flying skull barely misses you.
The flying skull hits you but does no damage.
The flying skull hits you! You block the flying skull's attack.
The flying skull hits you!
You hit the flying skull but do no damage.
You block the flying skull's attack. The flying skull completely misses you.
The flying skull barely misses you.
You hit the flying skull but do no damage.
The flying skull hits you but does no damage.
You block the flying skull's attack. The flying skull closely misses you.
You hit the flying skull but do no damage.
The flying skull barely misses you. The flying skull closely misses you.
The flying skull hits you.
The flying skull hits you but does no damage.
You hit the flying skull.
The flying skull is lightly damaged.
The flying skull barely misses you.
The flying skull hits you but does no damage.
The flying skull completely misses you.
You hit the flying skull.
The flying skull is heavily damaged.
The flying skull hits you. The flying skull closely misses you.
The flying skull misses you.
You miss the flying skull.
The flying skull is heavily damaged.
The flying skull hits you but does no damage. x3
The flying skull hits you.
The flying skull hits you but does no damage.
You hit the flying skull.
The flying skull is heavily damaged.
The flying skull closely misses you.
The flying skull hits you but does no damage.
The flying skull barely misses you.
You hit the flying skull.
The flying skull is severely damaged.
The flying skull hits you but does no damage.
The flying skull misses you. The flying skull barely misses you.
You closely miss the flying skull.
The flying skull is severely damaged.
The flying skull barely misses you.
The flying skull hits you but does no damage.
The flying skull completely misses you. The flying skull misses you.
You miss the flying skull.
The flying skull is severely damaged.
You block the flying skull's attack.
The flying skull hits you but does no damage. x2
You hit the flying skull.
The flying skull is almost destroyed.
The flying skull misses you.
The flying skull hits you but does no damage. x2
You hit the flying skull but do no damage.
The flying skull is almost destroyed.
The flying skull hits you but does no damage.
The flying skull closely misses you.
The flying skull hits you but does no damage.
You completely miss the flying skull.
The flying skull is almost destroyed.
The flying skull hits you. You block the flying skull's attack.
The flying skull completely misses you.
The flying skull hits you but does no damage.
The flying skull closely misses you.
Press: ? - help, v - describe, . - travel
Here: a flying skull (almost destroyed)
The floor.
Unknown command.
Unknown command.
Unknown command.
Unknown command.
Unknown command.
Unknown command.
Unknown command.
Unknown command.
Unknown command.
You closely miss the flying skull.
The flying skull is almost destroyed.
The flying skull hits you but does no damage.
The flying skull misses you. The flying skull barely misses you.
You hit the flying skull.
You destroy the flying skull!
The flying skull hits you. The flying skull misses you.
You closely miss the flying skull.
The flying skull hits you but does no damage.
The flying skull completely misses you. x2
You barely miss the flying skull. You block the flying skull's attack.
The flying skull closely misses you. You block the flying skull's attack.
You hit the flying skull.
The flying skull is lightly damaged.
The flying skull hits you but does no damage.
The flying skull closely misses you.
The flying skull hits you but does no damage.
You feel very mighty all of a sudden.
The flying skull misses you. x2; The flying skull completely misses you.
The flying skull hits you. The flying skull closely misses you.
The flying skull hits you but does no damage.
You barely miss the flying skull.
The flying skull is lightly damaged.
The flying skull barely misses you. You block the flying skull's attack.
The flying skull misses you.
You barely miss the flying skull.
The flying skull is lightly damaged.
The flying skull misses you.
The flying skull hits you but does no damage.
You block the flying skull's attack.
You puncture the flying skull!
The flying skull is heavily damaged.
The flying skull barely misses you. You block the flying skull's attack.
The flying skull hits you but does no damage.
You puncture the flying skull!
You destroy the flying skull!
The flying skull hits you but does no damage. x2
You barely miss the flying skull.
The flying skull hits you but does no damage. x2
The flying skull closely misses you.
You puncture the flying skull!
The flying skull is moderately damaged.
The flying skull closely misses you. The flying skull hits you!
The flying skull hits you. You block the flying skull's attack.
You closely miss the flying skull.
The flying skull is moderately damaged.
The flying skull hits you.
The flying skull hits you but does no damage.
The flying skull hits you. The flying skull hits you!
* * * LOW HITPOINT WARNING * * *
You block the flying skull's attack.
You hit the flying skull.
The flying skull is heavily damaged.
The flying skull closely misses you.
The flying skull hits you but does no damage.
The flying skull hits you.
* * * LOW HITPOINT WARNING * * *
You puncture the flying skull!
You destroy the flying skull!
The flying skull hits you but does no damage.
You block the flying skull's attack.
You puncture the flying skull!
The flying skull is heavily damaged.
You block the flying skull's attack.
The flying skull hits you but does no damage.
The flying skull closely misses you.
You puncture the flying skull!
The flying skull is heavily damaged.
The flying skull hits you but does no damage.
You hit the flying skull but do no damage.
The flying skull is heavily damaged.
The flying skull misses you.
You barely miss the flying skull.
The flying skull is moderately damaged.
The flying skull completely misses you.
You barely miss the flying skull.
The flying skull is moderately damaged.
You block the flying skull's attack.
You barely miss the flying skull.
The flying skull is moderately damaged.
You block the flying skull's attack.
You barely miss the flying skull.
The flying skull is moderately damaged.
You block the flying skull's attack.
You puncture the flying skull!
The flying skull is almost destroyed.
The flying skull closely misses you.
You miss the flying skull.
The flying skull is severely damaged.
The flying skull hits you but does no damage.
You puncture the flying skull!
You destroy the flying skull!
You closely miss the flying skull.
The flying skull is moderately damaged.
You block the flying skull's attack.
You miss the flying skull.
The flying skull is moderately damaged.
The flying skull hits you.
* * * LOW HITPOINT WARNING * * *
You puncture the flying skull!
The flying skull is severely damaged.
The flying skull closely misses you.
You closely miss the flying skull.
The flying skull is severely damaged.
The flying skull misses you.
You miss the flying skull.
The flying skull is severely damaged.
You block the flying skull's attack.
You puncture the flying skull!
You destroy the flying skull!
You block the flying skull's attack.
You closely miss the flying skull. The flying skull completely misses you.
You miss the flying skull. The flying skull misses you.
You hit the flying skull.
The flying skull is lightly damaged.
The flying skull closely misses you.
You hit the flying skull.
The flying skull is moderately damaged.
The flying skull hits you but does no damage.
The flying skull closely misses you.
You miss the flying skull.
The flying skull is moderately damaged.
The flying skull closely misses you. The flying skull hits you.
You hit the flying skull.
The flying skull is severely damaged.
The flying skull barely misses you. x2
You miss the flying skull. You block the flying skull's attack.
The flying skull hits you but does no damage.
The flying skull closely misses you. The flying skull barely misses you.
You barely miss the flying skull.
The flying skull hits you but does no damage.
The flying skull barely misses you.
You hit the flying skull.
The flying skull is lightly damaged.
The flying skull barely misses you. You block the flying skull's attack.
You puncture the flying skull!
The flying skull is severely damaged.
The flying skull closely misses you. The flying skull barely misses you.
You closely miss the flying skull.
The flying skull is severely damaged.
The flying skull hits you but does no damage.
You block the flying skull's attack.
You puncture the flying skull!
You destroy the flying skull!
The flying skull completely misses you.
You puncture the flying skull!
You destroy the flying skull!
You puncture the flying skull!
The flying skull is heavily damaged.
The flying skull barely misses you.
You barely miss the flying skull.
The flying skull is heavily damaged.
The flying skull barely misses you.
You closely miss the flying skull.
The flying skull is heavily damaged.
The flying skull closely misses you.
You miss the flying skull.
The flying skull is heavily damaged.
You block the flying skull's attack.
You puncture the flying skull!
The flying skull is almost destroyed.
The flying skull hits you but does no damage. x2
You closely miss the flying skull.
The flying skull is almost destroyed.
The flying skull barely misses you.
You miss the flying skull.
The flying skull is almost destroyed.
The flying skull hits you.
* * * LOW HITPOINT WARNING * * *
You closely miss the flying skull.
The flying skull is almost destroyed.
The flying skull hits you.
You miss the flying skull.
The flying skull is almost destroyed.
The flying skull hits you!
* * * LOW HITPOINT WARNING * * *
You closely miss the flying skull.
The flying skull is severely damaged.
The flying skull misses you.
You barely miss the flying skull.
The flying skull is severely damaged.
The flying skull hits you.
* * * LOW HITPOINT WARNING * * *
You puncture the flying skull!
You destroy the flying skull!
You are healed.
You are healed.
You are healed.
You are healed.
You are healed.
You are healed.
You feel a little less mighty now.
You pick up a book of the Wilderness and begin reading...
You add the spells Summon Forest, Summon Mana Viper and Summon Cactus Giant to your library.
J - the amulet "Ichill" {Acrobat Harm Str+2} You start putting on your amulet.
You continue putting on the amulet "Ichill" {Acrobat Harm Str+2}. x5
The cyan ugly thing gurgles horribly!
You hear a horrible gurgling sound!
You finish putting on the amulet "Ichill" {Acrobat Harm Str+2}.
You feel ready to tumble and roll out of harm's way.
You feel stronger.
J - the amulet "Ichill" (around neck) {Acrobat Harm Str+2} Drop what? 38/52 slots (_ for help) (? for menu, Esc to quit)
You start removing your amulet.
You continue taking off the amulet "Ichill" {Acrobat Harm Str+2}. x4
You finish taking off the amulet "Ichill" {Acrobat Harm Str+2}.
You drop the amulet "Ichill" {Acrobat Harm Str+2}.
There is a transporter here.
You pick up the Compendium of Evil and the Rocks and begin reading...
You add the spells Animate Dead and Simulacrum to your library.
There is a transporter here.
You see here the amulet "Ichill" {Acrobat Harm Str+2}.
J - the amulet "Ichill" {Acrobat Harm Str+2}
There is a transporter here.
You enter the transporter and appear at another place.
There is a transporter here.
The great orb of eyes turns its gaze towards you.
You enter the transporter and appear at another place.
You hit the great orb of eyes but do no damage.
The brown ugly thing basks in the mutagenic energy from its kin and changes!
The great orb of eyes misses you.
You hit the great orb of eyes but do no damage.
The great orb of eyes bites you.
You hit the great orb of eyes.
The great orb of eyes is lightly wounded.
The cyan ugly thing pecks you. The cyan ugly thing shocks you!
You hit the great orb of eyes but do no damage.
The great orb of eyes is lightly wounded.
The great orb of eyes completely misses you.
The cyan ugly thing pecks you! The cyan ugly thing shocks you!
You hit the great orb of eyes but do no damage.
The great orb of eyes is lightly wounded.
The great orb of eyes gazes at you.
You suddenly lose the ability to move!
The great orb of eyes bites you.
The cyan ugly thing tail-slaps you but does no damage.
The cyan ugly thing pecks you but does no damage.
The great orb of eyes gazes at you.
You are confused.
The cyan ugly thing pecks you but does no damage.
The cyan ugly thing basks in the mutagenic energy from its kin and changes!
The great orb of eyes completely misses you.
The cyan ugly thing pecks you but does no damage.
The great orb of eyes bites you but does no damage.
The cyan ugly thing pecks you! The cyan ugly thing shocks you!
* * * LOW HITPOINT WARNING * * *
The green ugly thing engulfs you but does no damage.
The great orb of eyes gazes at you. You resist with some effort.
The cyan ugly thing pecks you but does no damage.
The green ugly thing basks in the mutagenic energy from its kin and changes!
The great orb of eyes bites you but does no damage.
The cyan ugly thing basks in the mutagenic energy from its kin and changes!
The great orb of eyes bites you but does no damage.
The cyan ugly thing tail-slaps you but does no damage.
You can move again.
Unknown command.
Unknown command.
Unknown command.
Unknown command.
Unknown command.
Unknown command.
Unknown command.
Unknown command.
Unknown command.
Unknown command.
Unknown command.
Unknown command.
Unknown command.
Unknown command.
Unknown command.
Unknown command.
Unknown command.
Unknown command.
Unknown command.
Unknown command.
Unknown command.
Unknown command.
Unknown command.
You feel purified!
The great orb of eyes barely misses you.
The cyan ugly thing tail-slaps you but does no damage.
The green ugly thing barely misses you.
You feel very mighty all of a sudden.
The great orb of eyes bites you but does no damage.
The cyan ugly thing tail-slaps you but does no damage.
You block the green ugly thing's attack.
A red film seems to cover your vision as you go berserk!
You feel yourself moving faster!
You feel mighty!
You block the great orb of eyes's attack.
The cyan ugly thing basks in the mutagenic energy from its kin and changes!
The green ugly thing trunk-slaps you.
* * * LOW HITPOINT WARNING * * *
You feel a strong urge to attack something.
You block the great orb of eyes's attack.
The green ugly thing misses you.
You feel your anger nearly subside.
The great orb of eyes bites you but does no damage.
The green ugly thing basks in the mutagenic energy from its kin and changes!
The green ugly thing engulfs you but does no damage.
You are no longer berserk.
You are exhausted.
You feel yourself slow down.
The great orb of eyes bites you but does no damage.
The green ugly thing basks in the mutagenic energy from its kin and changes!
The great orb of eyes closely misses you.
The white ugly thing barely misses you. The great orb of eyes bites you!
* * * LOW HITPOINT WARNING * * *
You block the white ugly thing's attack.
The great orb of eyes bites you but does no damage.
You hit the white ugly thing.
The white ugly thing is lightly wounded.
The white ugly thing closely misses you.
The white ugly thing misses you. The great orb of eyes gazes at you.
You easily resist.
You closely miss the white ugly thing.
The white ugly thing is lightly wounded.
The white ugly thing barely misses you.
The white ugly thing completely misses you.
The great orb of eyes gazes at you.
You easily resist.
You puncture the white ugly thing!
The white ugly thing is moderately wounded.
The white ugly thing barely misses you.
The white ugly thing headbutts you but does no damage.
The great orb of eyes misses you.
You block the white ugly thing's attack.
The white ugly thing headbutts you. The white ugly thing freezes you!!
* * * LOW HITPOINT WARNING * * *
You puncture the white ugly thing!
The white ugly thing is moderately wounded.
The great orb of eyes bites you.
* * * LOW HITPOINT WARNING * * *
The white ugly thing punches you but does no damage.
The white ugly thing headbutts you but does no damage.
You completely miss the white ugly thing.
The white ugly thing is moderately wounded.
The great orb of eyes barely misses you.
The white ugly thing punches you but does no damage.
The white ugly thing headbutts you but does no damage.
You hit the white ugly thing.
The white ugly thing is moderately wounded.
The great orb of eyes bites you but does no damage.
The white ugly thing closely misses you.
The white ugly thing headbutts you.
* * * LOW HITPOINT WARNING * * *
The white ugly thing freezes you!!
You die...

#8#.....#.©.#....≈.........
###...8.#...#...≈8≈........
#.....#.©.#...§≈.........
###..###########...########
#8#..#.≈...≈≈..#§..#JJJJ...
###..#.≈..≈..≈.#...#.......
#..#.≈≈.≈≈.≈.#...#.######
###..#..≈.uu≈.≈#...##.#.#^#
#8#..#≈≈.G@≈..≈#...#....©..
###..#.≈.≈≈≈.≈.#...#.#.#.#.
#..#..≈...≈≈.#...#.######
###..#.≈.≈...≈.#...#.^.....
#8#..#)≈."©|≈.!#..§#...!©."
###..###########..§########
#...............§§.......
#§............§∩§§.......
#########################


You could see a great orb of eyes and 2 ugly things.

Vanquished Creatures
  Gastronok (Lair:1)
  Harold (D:10)
  2 two-headed ogres (D:10)
  Urug (Lair:1)
  Nergalle (D:10)
  An orc knight (Bailey)
  A cane toad (Lair:1)
  2 komodo dragons (Lair:1)
  Prince Ribbit (D:4)
  12 flying skulls (Gauntlet)
  A shadow (D:10)
  12 yaks
  Eustachio (D:4)
  2 steam dragons (Bailey)
  A vampire mosquito (D:10)
  Edmund (D:4)
  22 water moccasins
  Duvessa (D:4)
  A swamp drake (Bailey)
  4 black bears
  4 orc warriors
  A necrophage (D:6)
  2 sky beasts
  2 ogres
  4 centaurs
  A phantom (D:6)
  2 kobold brigands (D:8)
  7 bullfrogs
  A scorpion (D:9)
  Dowan (D:4)
  A wyvern zombie (D:4)
  18 killer bees
  9 wights
  An electric eel (Lair:1)
  5 howler monkeys
  2 bullfrog skeletons (D:5)
  A centaur zombie (D:6)
  4 jellies
  A hound (D:4)
  3 orc priests
  Crazy Yiuf (D:6)
  A centaur skeleton (D:4)
  4 gnoll shamans
  6 iguanas
  7 orc wizards
  Ijyb (D:4)
  A killer bee zombie (D:8)
  2 hound zombies (D:5)
  A hound skeleton (D:4)
  13 mummies (Ossuary)
  2 howler monkey zombies
  17 gnolls
  A howler monkey skeleton (D:6)
  24 adders
  A shadow imp (D:4)
  A white imp (D:8)
  2 dart slugs
  27 orcs
  3 ball pythons
  5 bats
  6 endoplasms
  4 giant cockroaches
  14 goblins
  9 hobgoblins
  2 jackals (D:2)
  22 kobolds
  2 quokkas
  4 frilled lizards
  4 goblin skeletons (Ossuary)
  2 kobold skeletons (Ossuary)
  2 orc skeletons (Ossuary)
  6 rats
  11 rat skeletons (Ossuary)
347 creatures vanquished.

Vanquished Creatures (others)
  3 orcs (Bailey)
  4 demonic plants (Gauntlet)
  25 fungi
  30 plants
62 creatures vanquished.

Grand Total: 409 creatures vanquished

Notes
Turn   | Place    | Note
-------+----------+-------------------------------------------
     0 | D:1      | sleeves the Deep Dwarf Monk began the quest for the Orb.
     0 | D:1      | Reached XP level 1. HP: 20/20 MP: 1/1
   205 | D:1      | Reached skill level 3 in Stealth
   205 | D:1      | Reached XP level 2. HP: 24/27 MP: 2/2
   736 | D:2      | Reached XP level 3. HP: 24/33 MP: 3/3
   738 | D:2      | Reached skill level 4 in Long Blades
  1244 | D:2      | Found a hide-covered altar of Uskayaw.
  1281 | D:2      | Found a faded altar of an unknown god.
  1292 | D:2      | Reached XP level 4. HP: 25/40 MP: 4/4
  1301 | D:2      | Became a worshipper of Elyvilon the Healer
  1301 | D:2      | Reached * piety under Elyvilon
  1301 | D:2      | Reached ** piety under Elyvilon
  1390 | D:3      | Found Mounnu's Armour Emporium.
  1555 | D:3      | Learned a level 2 spell: Blink
  1575 | D:3      | Reached *** piety under Elyvilon
  1583 | D:3      | HP: 20/40 [orc (3)]
  1784 | D:3      | Reached skill level 1 in Invocations
  1855 | D:3      | HP: 16/40 [frozen (3)]
  1869 | D:3      | Reached skill level 1 in Armour
  2290 | D:4      | HP: 14/40 [adder (2)]
  2295 | D:4      | Reached skill level 5 in Long Blades
  2479 | D:4      | Reached XP level 5. HP: 39/46 MP: 6/6
  2500 | D:4      | Reached skill level 2 in Invocations
  2535 | D:4      | Reached skill level 2 in Armour
  2550 | D:3      | HP: 16/46 [iguana (9)]
  2559 | D:3      | HP: 17/46 [iguana (2)]
  2560 | D:3      | HP: 8/46 [iguana (9)]
  2635 | D:4      | Reached skill level 3 in Invocations
  2659 | D:4      | Noticed Ijyb
  2684 | D:4      | Killed Ijyb
  2685 | D:4      | Reached XP level 6. HP: 38/55 MP: 8/8
  2753 | D:4      | Noticed Duvessa
  2779 | D:4      | HP: 27/55 [Duvessa (1)]
  2785 | D:4      | Killed Duvessa
  2786 | D:4      | Reached skill level 3 in Armour
  2898 | D:4      | Noticed Dowan
  2996 | D:4      | HP: 23/55 [Dowan (2)]
  2998 | D:4      | HP: 11/55 [Dowan/shard of ice (12)]
  3008 | D:4      | HP: 19/55 [Dowan/shard of ice (10)]
  3009 | D:4      | HP: 2/55 [Dowan/stone arrow (17)]
  3011 | D:4      | Elyvilon protects you from harm!
  3018 | D:4      | Killed Dowan
  3019 | D:4      | Reached skill level 4 in Invocations
  3139 | D:4      | Found a bloodstained altar of Trog.
  3194 | D:4      | HP: 11/55 [wyvern zombie (11)]
  3199 | D:4      | HP: 25/55 [wyvern zombie (8)]
  3205 | D:4      | HP: 14/55 [wyvern zombie (4)]
  3208 | D:4      | HP: 4/55 [wyvern zombie (7)]
  3217 | D:4      | sleeves: ??Elyvilon
  3217 | D:4      | beem: elyvilon[1/4]: The divinity of healing. Most reliable
                  | source of protection from being killed (see {divine
                  | protection}), but will impose penance (i.e. not answer your
                  | requests for help) if you kill living creatures while
                  | invoking said protection. Provides healing invocations, the
                  | use of necromancy, and allowing allies to die.
  3390 | D:4      | Reached skill level 6 in Long Blades
  3420 | D:5      | Entered Level 5 of the Dungeon
  3420 | D:5      | Noticed a yak
  3420 | D:5      | Noticed a yak
  3420 | D:5      | Noticed a yak
  3420 | D:5      | Found a staircase to the Ecumenical Temple.
  3439 | D:5      | Noticed Prince Ribbit
  3460 | D:4      | HP: 26/55 [Prince Ribbit (5)]
  3464 | D:4      | HP: 9/55 [Prince Ribbit (5)]
  3465 | D:4      | Killed Prince Ribbit
  3466 | D:4      | Reached skill level 4 in Armour
  3466 | D:4      | Reached skill level 1 in Shields
  3466 | D:4      | Reached XP level 7. HP: 10/61 MP: 10/10
  3551 | D:5      | Noticed a yak
  3624 | D:4      | Reached skill level 5 in Invocations
  3710 | D:5      | HP: 29/61 [ogre (23)]
  3715 | D:5      | Reached skill level 2 in Shields
  3833 | D:5      | Noticed Edmund
  3863 | D:4      | HP: 27/61 [Edmund (5)]
  3867 | D:4      | Killed Edmund
  3939 | D:4      | Killed a yak
  3940 | D:4      | Reached skill level 3 in Shields
  3940 | D:4      | Reached XP level 8. HP: 42/68 MP: 12/12
  3979 | D:5      | Reached skill level 5 in Armour
  3979 | D:5      | Reached skill level 6 in Invocations
  4006 | D:4      | HP: 31/68 [yak (10)]
  4027 | D:4      | Reached skill level 7 in Long Blades
  4089 | D:5      | Noticed Eustachio
  4099 | D:4      | HP: 30/68 [yak (11)]
  4102 | D:4      | Reached skill level 4 in Shields
  4104 | D:4      | HP: 27/68 [adder (3)]
  4232 | D:5      | HP: 21/68 [ogre (19)]
  4256 | D:4      | HP: 15/68 [iguana (4)]
  4264 | D:4      | Reached skill level 7 in Invocations
  4505 | D:4      | Killed Eustachio
  4506 | D:4      | Reached skill level 6 in Armour
  4755 | D:5      | HP: 29/68 [iguana (9)]
  4916 | D:5      | Found a blossoming altar of Fedhas.
  4938 | D:5      | Identified the +0 robe of Contentment {Harm Int+3}
  4944 | D:5      | Identified 2 scrolls of acquirement
  5163 | D:5      | Found a hide-covered altar of Uskayaw.
  5249 | D:5      | Gained mutation: You passively map the area around you.
                  | [Deep Dwarf growth]
  5249 | D:5      | Reached XP level 9. HP: 54/74 MP: 13/13
  5343 | D:6      | Acquired the +3 pair of gloves of Defence {Regen+ Dex+3}
  5356 | D:6      | Acquired 806 gold pieces
  5436 | D:3      | Bought the +7 Kryia's mail coat {PotionHeal*2 rC+} for 720
                  | gold pieces
  5436 | D:3      | Found the +7 Kryia's mail coat {PotionHeal*2 rC+}
  5686 | D:6      | Reached skill level 8 in Invocations
  5745 | D:6      | Reached skill level 8 in Long Blades
  5954 | D:6      | Found a runed translucent door.
  5955 | D:6      | Noticed Crazy Yiuf
  6041 | D:6      | HP: 28/74 [Crazy Yiuf (15)]
  6042 | D:6      | Killed Crazy Yiuf
  6132 | D:7      | Reached skill level 7 in Armour
  6138 | D:7      | HP: 35/74 [orc priest/divine providence (14)]
  6529 | D:7      | Reached skill level 9 in Invocations
  6912 | D:8      | Found a basalt altar of Yredelemnul.
  6988 | D:8      | Reached skill level 8 in Armour
  6993 | D:8      | Found a shimmering blue altar of Sif Muna.
  7086 | D:8      | Reached skill level 9 in Long Blades
  7280 | D:8      | Reached **** piety under Elyvilon
  7362 | D:8      | Found a sand-covered staircase.
  7367 | Ossuary  | Entered an ossuary
  7483 | Ossuary  | Reached XP level 10. HP: 81/81 MP: 16/16
  8008 | D:8      | Reached skill level 10 in Invocations
  8232 | D:9      | Found a staircase to the Orcish Mines.
  8592 | D:9      | Reached skill level 9 in Armour
  8623 | D:9      | Noticed Psyche
  8624 | D:9      | Pacified Psyche
  8691 | D:9      | Reached skill level 11 in Invocations
  8702 | D:9      | Reached skill level 10 in Long Blades
  8827 | D:9      | Found a staircase to the Lair.
  9039 | D:10     | Entered Level 10 of the Dungeon
  9046 | D:10     | Noticed Nergalle
  9063 | D:10     | Killed Nergalle
  9130 | D:10     | Found a flagged portal.
  9155 | Bailey   | Entered a bailey
  9212 | Bailey   | Reached skill level 10 in Armour
  9270 | Bailey   | HP: 34/81 [steam dragon/ball of steam (18)]
  9348 | Bailey   | Noticed an orc knight
  9470 | Bailey   | Reached skill level 12 in Invocations
  9476 | Bailey   | Killed an orc knight
  9477 | Bailey   | Reached XP level 11. HP: 75/88 MP: 19/19
  9524 | Bailey   | Identified the +6 steam dragon scales of the Ladybird
                  | {Slay+3}
  9561 | Bailey   | Learned a level 1 spell: Apportation
  9733 | D:10     | Noticed a two-headed ogre
  9822 | D:10     | Noticed Harold
  9840 | D:10     | Killed Harold
  9841 | D:10     | Reached skill level 11 in Long Blades
  9905 | D:10     | Noticed a two-headed ogre
  9916 | D:10     | HP: 42/88 [two-headed ogre (18)]
  9931 | D:10     | HP: 40/88 [two-headed ogre (9)]
  9933 | D:10     | Killed a two-headed ogre
 10042 | D:10     | Killed a two-headed ogre
 10043 | D:10     | Reached skill level 13 in Invocations
 10134 | D:10     | HP: 42/86 [wight (4)]
 10175 | D:10     | Noticed a two-headed ogre
 10278 | D:10     | Pacified a two-headed ogre
 10291 | D:10     | HP: 40/84 [wight (6)]
 10487 | Lair:1   | Entered Level 1 of the Lair of Beasts
 10497 | Lair:1   | HP: 27/84 [komodo dragon (21)]
 10742 | Lair:1   | Reached skill level 1 in Evocations
 10813 | Lair:1   | Reached skill level 4 in Dodging
 10859 | Lair:1   | Reached skill level 2 in Evocations
 10935 | Lair:1   | HP: 39/88 [komodo dragon (15)]
 10956 | Lair:1   | Noticed Urug
 10962 | Lair:1   | Killed Urug
 10963 | Lair:1   | Reached skill level 12 in Long Blades
 10963 | Lair:1   | Reached skill level 14 in Invocations
 10963 | Lair:1   | Reached skill level 3 in Evocations
 10966 | Lair:1   | Noticed Gastronok
 11053 | Lair:1   | Killed Gastronok
 11054 | Lair:1   | Reached skill level 5 in Dodging
 11054 | Lair:1   | Reached skill level 4 in Evocations
 11571 | Lair:1   | Reached XP level 12. HP: 80/96 MP: 20/20
 11926 | Lair:2   | Found a gate leading to a gauntlet.
 11940 | Lair:2   | Reached skill level 15 in Invocations
 11954 | Lair:2   | Learned a level 4 spell: Passage of Golubria
 11956 | Gauntlet | Entered a Gauntlet
 11956 | Gauntlet | Found a transporter.
 11956 | Gauntlet | Found a transporter.
 11957 | Gauntlet | Found a transporter.
 11962 | Gauntlet | Found a transporter.
 11967 | Gauntlet | Noticed a death scarab
 11971 | Gauntlet | Found a transporter.
 11973 | Gauntlet | Found a large runed translucent door.
 11974 | Gauntlet | Found a large runed translucent door.
 11975 | Gauntlet | Found a large runed translucent door.
 11975 | Gauntlet | Found a large runed translucent door.
 11975 | Gauntlet | Found a large runed translucent door.
 11976 | Gauntlet | Found a runed translucent door.
 11978 | Gauntlet | Found a transporter.
 11979 | Gauntlet | Found a large runed translucent door.
 11992 | Gauntlet | Found a transporter.
 11994 | Gauntlet | Noticed a great orb of eyes
 11997 | Gauntlet | Found a transporter.
 12014 | Gauntlet | Found a transporter.
 12065 | Gauntlet | Found a transporter.
 12080 | Gauntlet | Found a transporter.
 12082 | Gauntlet | Found a large runed translucent door.
 12083 | Gauntlet | Found a large runed translucent door.
 12084 | Gauntlet | Found a large runed translucent door.
 12084 | Gauntlet | Found a large runed translucent door.
 12084 | Gauntlet | Found a runed translucent door.
 12085 | Gauntlet | Found a large runed translucent door.
 12086 | Gauntlet | Found a large runed translucent door.
 12087 | Gauntlet | Found a large runed translucent door.
 12087 | Gauntlet | Found a large runed translucent door.
 12088 | Gauntlet | Found a runed translucent gate.
 12088 | Gauntlet | Found a runed translucent gate.
 12088 | Gauntlet | Found a runed translucent gate.
 12090 | Gauntlet | Found a transporter.
 12099 | Gauntlet | Found a large runed translucent door.
 12100 | Gauntlet | Found a large runed translucent door.
 12252 | Gauntlet | HP: 48/96 [flying skull (9)]
 12260 | Gauntlet | HP: 38/96 [flying skull (2)]
 12271 | Gauntlet | Reached skill level 3 in Fighting
 12271 | Gauntlet | Reached skill level 5 in Evocations
 12306 | Gauntlet | HP: 43/97 [flying skull (6)]
 12321 | Gauntlet | HP: 37/97 [flying skull (4)]
 12345 | Gauntlet | HP: 35/97 [flying skull (2)]
 12367 | Gauntlet | Identified the amulet "Ichill" {Acrobat Harm Str+2}
 12383 | Gauntlet | Got the Compendium of Evil and the Rocks
 12398 | Gauntlet | Paralysed by a great orb of eyes for 7 turns
 12402 | Gauntlet | HP: 41/97 [cyan ugly thing (14)]
 12408 | Gauntlet | HP: 58/145 [green ugly thing (4)]
 12414 | Gauntlet | HP: 32/97 [great orb of eyes (7)]
 12417 | Gauntlet | HP: 10/97 [white ugly thing (22)]
 12420 | Gauntlet | HP: 4/97 [white ugly thing (4)]
 12420 | Gauntlet | Mangled by a white ugly thing

Illustrated notes

Levels and vault maps discovered:
D:1:      evilmike_arrival_crescent, layout_basic
D:2:      layout_loops_ring, serial_forest, infiniplex_forest_clump_small,
          infiniplex_forest_lined_room_2, infiniplex_forest_lined_room_2,
          infiniplex_forest_straight_2, infiniplex_forest_end_3,
          infiniplex_forest_straight_4, infiniplex_forest_clump_C, basic_altar,
          ebering_ecumenical_altar_mist
D:3:      wad_river_or_something, layout_rooms, serial_shops, shop_statue
D:4:      layout_rooms, trog_hazing_becter, uniq_ijyb, uniq_duvessa
D:5:      layout_cave_pools, nicolae_overflow_hidden_temple,
          minmay_temple_entry_arrows, uniq_edmund, uniq_prince_ribbit1,
          uniq_eustachio
D:6:      layout_rooms, minmay_misc_feat_cross, uniq_crazy_yiuf_cottage
D:7:      layout_loops_ring
D:8:      layout_basic, mainiacjoe_overflow_catwalk_spiral,
          nicolae_ossuary_entry_false_entrances
D:9:      layout_roguey, due_lair_maze_entry_diamond, uniq_psyche
D:10:     nzn_winding_woodlands_three_and_one
          [nzn_winding_woodlands_5x15_zeroes,
          nzn_winding_woodlands_5x15_pockets,
          nzn_winding_woodlands_5x15_sidewinder,
          nzn_winding_woodlands_center_pierced_h], layout_irregular_city,
          enter_bailey_3, serial_column_ruins, column_ruins_open_small,
          column_ruins_open_small, column_ruins_grid_1,
          column_ruins_columns_dead_end, column_ruins_corridor_straight,
          column_ruins_open_small, uniq_harold, uniq_nergalle
Lair:1:   lemuel_reptile_caves, layout_regular_city, uniq_gastronok, uniq_urug
Lair:2:   layout_cave_pods, gauntlet_entry_generic
Gauntlet: gammafunk_gauntlet_shortcut [nicolae_gauntlet_arena_quarters,
          nicolae_gauntlet_arena_flowing_pool, gammafunk_gauntlet_arena_split_x,
          gammafunk_gauntlet_arena_mazey,
          minmay_gauntlet_arena_make_your_own_arena,
          gammafunk_gauntlet_arena_teeth, gauntlet_exit_hidden_loot]

Skill      XL: |  1  2  3  4  5  6  7  8  9 10 11 12 |
---------------+-------------------------------------+-----
Stealth        | 3 |  3.0
Long Blades    | 4 5 6 7 9 10 12 | 12.0
Invocations    | 1 3 4 5 7 9 12 14 15 | 15.0
Armour         | 1 2 4 6 8 10 | 10.0
Shields        | 1 3 4 |  4.0
Evocations     | 4 5 |  5.7
Dodging        | 5 |  5.9
Fighting       | 3 |  3.5

Action                   |  1- 3 |  4- 6 |  7- 9 | 10-12 || total
-------------------------+-------+-------+-------+-------++-------
Melee: Falchion          |   115 |   213 |   282 |       ||   610
       Short sword       |       |       |   301 |   994 ||  1295
Throw: Dart              |       |       |    48 |       ||    48
Invok: Lesser Healing    |       |    23 |    60 |    59 ||   142
       Divine Protection |       |     1 |       |       ||     1
       Heal Other        |       |       |     6 |     7 ||    13
       Greater Healing   |       |       |       |     2 ||     2
       Purification      |       |       |       |     1 ||     1
 Abil: Heal Wounds       |       |     2 |     2 |     3 ||     7
Evoke: Wand              |       |       |       |    20 ||    20
  Use: Potion            |       |     1 |       |     7 ||     8
       Scroll            |       |       |    10 |    12 ||    22
 Stab: Sleeping          |     8 |     6 |     1 |       ||    15
       Invisible         |       |     1 |       |     2 ||     3
       Paralysed         |       |       |       |     4 ||     4
       Distracted        |       |       |       |     1 ||     1
Armor: Robe              |     1 |       |       |       ||     1
       Leather armour    |    28 |    10 |       |       ||    38
       Ring mail         |       |    24 |       |       ||    24
       Chain mail        |       |    43 |   143 |       ||   186
       Scale mail        |       |       |   138 |   405 ||   543
       Steam dragon scal |       |       |       |   179 ||   179
Dodge: Dodged            |    73 |   103 |   234 |   668 ||  1078
Block: Buckler           |       |       |   140 |   304 ||   444

Table legend: (Time is in decaauts)
 A = Elapsed time spent in this place.
 B = Non-inter-level travel time spent in this place.
 C = Inter-level travel time spent in this place.
 D = Time resting spent in this place.
 E = Time spent auto-exploring this place.
 F = Levels seen in this place.
 G = Mean time per level.
                   A        B        C        D        E       F      G
               +--------+--------+--------+--------+--------+-----+--------+
         Total |  12271 |  11311 |    960 |    637 |   5698 |  15 |  818.1 |
       Dungeon |   9548 |   8604 |    944 |    414 |   4494 |  10 |  954.8 |
          Lair |   1448 |   1432 |     16 |    123 |    763 |   2 |  724.0 |
       Ossuary |    337 |    337 |      0 |      0 |    174 |   1 |  337.0 |
        Bailey |    505 |    505 |      0 |    100 |    134 |   1 |  505.0 |
      Gauntlet |    430 |    430 |      0 |      0 |    133 |   1 |  430.0 |
               +--------+--------+--------+--------+--------+-----+--------+

Top non-repeatable levels by time:
     D:4: 1789 daAuts
  Lair:1: 1384 daAuts
     D:3: 1284 daAuts
     D:8: 989 daAuts
     D:5: 868 daAuts
    D:10: 861 daAuts
     D:7: 793 daAuts
     D:2: 769 daAuts
     D:6: 752 daAuts
     D:9: 740 daAuts
     D:1: 698 daAuts
  Bailey: 505 daAuts
Gauntlet: 430 daAuts
 Ossuary: 337 daAuts
  Lair:2: 64 daAuts
